 Dungeon Crawl Stone Soup version 0.17-a0-1887-g3e50df6 (webtiles) character file.

862 mcbry74 the Chucker (level 7, 67/67 HPs)
             Began as a Troll Hunter on Sept 23, 2015.
             Was a Priest of Makhleb.
             Quit the game on level 5 of the Dungeon.
             The game lasted 00:26:42 (4077 turns).

mcbry74 the Chucker (Troll Hunter)                  Turns: 4077, Time: 00:26:43

Health: 67/67      AC:  7    Str: 21    XL:     7   Next: 72%
Magic:  6/6        EV: 11    Int:  9    God:    Makhleb [***...]
Gold:   185        SH:  0    Dex: 10    Spells: 0 memorised, 6 levels left

rFire  . . .     SeeInvis .       - Unarmed
rCold  . . .     Clarity  .     d - +1 robe
rNeg   + . .     SustAt   +     (no shield)
rPois  .         Gourm    +     (helmet restricted)
rElec  .         Spirit   .     q - +0 cloak
rCorr  .         Warding  .     (gloves unavailable)
rMut   .         Stasis   .     (boots unavailable)
MR     .....                    (no amulet)
Stlth  +.........               w - ring of sustain attributes
                                o - ring of positive energy

@: not resistant to hostile enchantments, very unstealthy
A: unfitting armour, claws 3, fast metabolism 3, gourmand, regeneration 3,
shaggy fur 1, tough skin 2
a: Minor Destruction, Lesser Servant of Makhleb, Renounce Religion


You were on level 5 of the Dungeon.
You worshipped Makhleb.
Makhleb was most pleased with you.
You were full.

You visited 1 branch of the dungeon, and saw 5 of its levels.

You collected 185 gold pieces.

Inventory:

Hand weapons
 c - a +0 short sword
Missiles
 a - 9 large rocks
 k - 13 tomahawks (quivered)
 t - a throwing net
Armour
 d - a +1 robe (worn)
 q - a +0 cloak (worn)
Jewellery
 f - an uncursed ring of fire
 m - an uncursed ring of flight
 o - a ring of positive energy (left claw)
 w - a ring of sustain attributes (right claw)
 y - a cursed ring of loudness
Magical devices
 b - a wand of flame (23)
 x - a wand of fireball (12)
Scrolls
 i - 4 scrolls of amnesia
 n - 2 scrolls of fear {unknown}
 p - 2 scrolls of fog {unknown}
 r - 2 scrolls of random uselessness {unknown}
 u - a scroll of remove curse {unknown}
Potions
 g - 2 potions of might
 j - 2 potions of curing
 v - a potion of poison
Comestibles
 e - 4 bread rations
 h - 4 meat rations


   Skills:
 + Level 3.4 Fighting
 * Level 5.8 Throwing
 + Level 4.1 Dodging
 - Level 0.5 Stealth
 + Level 3.7 Unarmed Combat


You had 6 spell levels left.
You didn't know any spells.

Dungeon Overview and Level Annotations

Branches:
Dungeon (5/15)
 Temple: D:4-7

Altars:
Cheibriados
Gozag
Makhleb
Okawaru
Qazlal


Innate Abilities, Weirdness & Mutations

You are too large for most types of armour.
You have claws for hands.
Your metabolism is lightning-fast.
You like to eat raw meat.
You regenerate.
You are covered in fur (AC +1).
You have very tough skin (AC +2).


Message History

HP restored.
You feel sick.
You start resting.
HP restored.
You start waiting.
You feel sick.
HP restored.
You start waiting.
You feel sick.
HP restored.
You start waiting.
You feel sick.
You are no longer poisoned.
You start resting.
HP restored.
Done exploring.
Done exploring.
Done exploring.
Saving game... please wait.
Welcome back, mcbry74 the Troll Hunter.
Blood and souls for Makhleb!
Press ? for a list of commands and other information.
Are you sure you want to abandon this character and quit the game? (Confirm with "yes".)

#####.##..##....###.......###..
##..#..##..[)..### ##...........
#......#...)...# ###..#.).).#
##...........#### #.##.._..#
#...........## #..#.).).#
..........#.# #.........
#.......)##.# ##...###..
##.......##.# ##########....#...
##....####.####@...............#
##..## #.##...################
#..# #.#..### #### #...## #####


There were no monsters in sight!

Vanquished Creatures
  Menkaure (D:4)
  A phantom (D:3)
  An ogre (D:5)
  A giant frog (D:5)
  A crimson imp (D:5)
  2 hounds (D:4)
  An orc priest (D:5)
  2 orc wizards (D:4)
  5 worker ants
  8 adders
  3 gnolls
  2 oozes (D:1)
  An adder skeleton (D:3)
  2 worms (D:2)
  A giant gecko (D:4)
  10 orcs
  4 giant cockroaches
  8 hobgoblins
  10 jackals
  7 kobolds
  3 quokkas
  10 bats
  2 giant newts
  6 goblins
  3 rats
95 creatures vanquished.

Notes
Turn   | Place    | Note
--------------------------------------------------------------
     0 | D:1      | mcbry74 the Troll Hunter began the quest for the Orb.
     0 | D:1      | Reached XP level 1. HP: 19/19 MP: 0/0
   367 | D:1      | Reached XP level 2. HP: 18/27 MP: 1/1
   385 | D:1      | Reached skill level 4 in Throwing
   595 | D:1      | Reached skill level 1 in Unarmed Combat
  1124 | D:2      | Found a faded altar to an unknown god.
  1127 | D:2      | Became a worshipper of Makhleb the Destroyer
  1127 | D:2      | Acquired Makhleb's first power
  1144 | D:2      | Reached XP level 3. HP: 33/33 MP: 2/2
  1368 | D:2      | Found a stormy altar of Qazlal.
  1423 | D:2      | Found a burning altar of Makhleb.
  1732 | D:3      | Acquired Makhleb's second power
  1739 | D:3      | Reached XP level 4. HP: 20/42 MP: 3/3
  2173 | D:3      | Found a snail-covered altar of Cheibriados.
  2268 | D:3      | Reached XP level 5. HP: 38/49 MP: 4/4
  2632 | D:4      | Noticed a phantom
  2649 | D:3      | Killed a phantom
  2649 | D:3      | Reached XP level 6. HP: 29/59 MP: 5/5
  2760 | D:4      | Noticed Menkaure
  2767 | D:4      | Killed Menkaure
  2767 | D:4      | Reached skill level 5 in Throwing
  2929 | D:4      | Acquired Makhleb's third power
  3044 | D:4      | Reached XP level 7. HP: 52/67 MP: 6/6
  3456 | D:5      | Entered Level 5 of the Dungeon
  3614 | D:5      | Found an opulent altar of Gozag.
  3679 | D:5      | Found an iron altar of Okawaru.
  3806 | D:5      | Found an opulent altar of Gozag.
  4037 | D:5      | Gained mutation: You regenerate. [potion of mutation]
  4077 | D:5      | Quit the game

Vault maps used:
D:1:      wheals_arrival_shading, grunt_decor_mini_mirrors
D:2:      grunt_qazlal_sundering, overflow_temple_1_default, ecumenical_altar_1,
          fountainhead
D:3:      cheibriados_altar_1
D:4:      first_bread, uniq_menkaure
D:5:      kennysheep_little_box, okawaru_ov_weapons_minmay,
          grunt_gozag_breadcrumbs

Action                   |  1- 3 |  4- 6 |  7- 9 || total
-------------------------+-------+-------+-------++-------
Melee: Short sword       |    51 |       |       ||    51
       Unarmed           |    99 |   130 |    57 ||   286
Throw: Large rock        |     2 |    21 |     1 ||    24
       Tomahawk          |       |     5 |    11 ||    16
       Throwing net      |       |     7 |     5 ||    12
Invok: Minor Destruction |       |       |     4 ||     4
  Use: Scroll            |     5 |       |     3 ||     8
       Potion            |       |     4 |     2 ||     6
 Stab: Sleeping          |     1 |     1 |     1 ||     3
       Held in net/web   |       |     2 |     3 ||     5
  Eat: Chunk             |    10 |    14 |     9 ||    33
       Pizza             |     1 |       |       ||     1
       Bread ration      |       |     1 |       ||     1
